 Dungeon Crawl Stone Soup version 0.31-a0-986-g5e6e4ef867 (webtiles) character file.

Game seed: 16474195889791760746

4628 pokeman the Thaumaturge (level 10, 0/56 HPs)
             Began as a Deep Elf Hedge Wizard on Nov 7, 2023.
             Was a Believer of Vehumet.
             Slain by an ice devil (9 damage)
             ... summoned by a kobold demonologist
             ... on level 9 of the Dungeon.
             The game lasted 00:21:18 (7421 turns).

pokeman the Thaumaturge (Deep Elf Hedge Wizard)     Turns: 7421, Time: 00:21:18

Health: 0/56       AC: 15    Str:  7    XL:     10   Next: 19%
Magic:  14/29      EV: 12    Int: 26    God:    Vehumet [**....]
Gold:   427        SH:  0    Dex: 14    Spells: 23/35 levels left

rFire   . . .        E - +1 rapier (venom)
rCold   . . .        (no shield)
rNeg    + . .        j - +2 leather armour of Utsobi {Int+2}
rPois   .            c - +0 hat
rElec   .            v - +0 cloak
rCorr   .            x - +0 pair of gloves
SInv    .            (no boots)
Will    +....        (no amulet)
Stlth   ++           h - +4 ring of protection
HPRegen 0.29/turn    m - ring of Sovereignty {rN+ AC+4}
MPRegen 0.21/turn

%: no passive effects
@: lethally poisoned (0 -> -2), on blink cooldown, studying Ranged Weapons
A: no striking features
a: Renounce Religion


You were on level 9 of the Dungeon.
You worshipped Vehumet.
Vehumet was pleased with you.
You visited 2 branches of the dungeon, and saw 10 of its levels.

You collected 427 gold pieces.

Inventory:

Hand Weapons
 E - a +1 rapier of venom (weapon)
Missiles
 B - 3 throwing nets
 F - 6 curare-tipped darts
Armour
 c - a +0 hat (worn)
 j - the +2 leather armour of Utsobi (worn) {Int+2}
   (You found it on level 2 of the Dungeon)

   Int+2:     It affects your intelligence (+2).
 t - a +3 leather armour of fire resistance
 v - a +0 cloak (worn)
 x - a +0 pair of gloves (worn)
 I - a scarf of harm
Magical Staves
 N - a staff of conjuration
Jewellery
 h - a +4 ring of protection (left hand)
 i - a ring of positive energy
 l - a ring of ice
 m - the ring of Sovereignty (right hand) {rN+ AC+4}
   (You found it on level 3 of the Dungeon)

   [ring of protection]

   AC+4:      It affects your AC (+4).
   rN+:       It protects you from negative energy.
 n - a ring of protection from fire
 K - a ring of positive energy
 L - a ring of protection from fire
 O - a +4 ring of protection
Wands
 f - a wand of polymorph (5)
 y - a wand of flame (10)
 Q - a wand of mindburst (5)
Scrolls
 b - a scroll of blinking {unknown}
 e - 2 scrolls of noise {unknown}
 o - 3 scrolls of identify {unknown}
 p - a scroll of fear {unknown}
 q - 4 scrolls of teleportation {unknown}
 r - 2 scrolls of vulnerability {unknown}
 s - a scroll of immolation {unknown}
 w - a scroll of fog {unknown}
 C - a scroll of amnesia {unknown}
 D - 2 scrolls of enchant armour {unknown}
 H - 2 scrolls of poison {unknown}
 J - a scroll of summoning {unknown}
Potions
 a - a potion of lignification {unknown}
 d - 2 potions of magic
 g - 6 potions of curing {unknown}
 k - a potion of enlightenment {unknown}
 u - 2 potions of mutation {unknown}
 z - a potion of brilliance {unknown}
 A - a potion of attraction {unknown}
 G - a potion of invisibility {unknown}
 M - a potion of degeneration {unknown}
 P - 2 potions of haste {unknown}


   Skills:
 - Level 4.0 Fighting
 + Level 3.2 Armour
 - Level 3.0 Dodging
 - Level 3.0 Stealth
 * Level 13.0 Spellcasting
 + Level 7.2 Conjurations
 - Level 1.1 Summonings
 + Level 7.1 Necromancy
 - Level 1.1 Translocations
 - Level 1.1 Air Magic
 - Level 1.1 Poison Magic
 - Level 1.2 Evocations


You had 23 spell levels left.
You knew the following spells:

 Your Spells              Type           Power      Damage    Failure   Level
a - Magic Dart            Conj           100%       1d8       1%          1
b - Mephitic Cloud        Conj/Pois/Air  33%        N/A       4%          3
c - Call Imp              Summ           44%        N/A       4%          2
d - Blink                 Tloc           44%        N/A       4%          2
e - Dispel Undead         Necr           53%        3d19      2%          4

Your spell library contained the following spells:

 Spells                   Type           Power      Damage    Failure   Level
 Scorch                   Fire           32%        2d6       8%          2
 Kiss of Death            Conj/Necr      100%       2d13      1%          1
 Cigotuvi's Dreadful Rot  Necr/Pois/Air  66%        N/A       1%          2
 Vampiric Draining        Necr           53%        2d9       1%          3
 Slow                     Hex            64%        N/A       4%          1
 Confusing Touch          Hex            16%        N/A       14%         3
 Sigil of Binding         Hex            16%        N/A       14%         3
 Manifold Assault         Tloc           22%        N/A       30%         4


Dungeon Overview and Level Annotations

Branches:
Dungeon (9/15)             Temple (1/1) D:5
   Lair: D:8-11         Orc: D:9-12

Altars:
Ashenzari
Cheibriados
Dithmenos
Elyvilon
Fedhas
Gozag
Kikubaaqudgha
Makhleb
Nemelex Xobeh
Okawaru
Qazlal
Ru
Sif Muna
Uskayaw
Vehumet
Wu Jian
Xom
Yredelemnul
Zin

Shops:
D:1 [

Annotations:
D:3 3 runed translucent doors, tinescath's ghost, amateur DEHW
D:8 Angel behind rock


Message History

Confirm with . or Enter, or press ? or * to list all spells.
Aiming: Magic Dart (safe; 1% risk of failure)
Press: ? - help, Shift-Dir - straight line, f/p - two-headed ogre
Aim: a two-headed ogre, wielding two +0 giant clubs (severely wounded, confused, 100% to hit)
The magic dart hits the two-headed ogre.
The two-headed ogre is almost dead.
The kobold brigand barely misses you.
The kobold demonologist casts a spell.
You hit the two-headed ogre.
The two-headed ogre is poisoned.
The two-headed ogre is almost dead.
The kobold brigand seems less confused.
The two-headed ogre seems less confused.
The two-headed ogre hits you with a +0 giant club!!
The two-headed ogre hits you with a +0 giant club!
* * * LOW HITPOINT WARNING * * *
The kobold brigand hits you with a +0 dagger.
* * * LOW HITPOINT WARNING * * *
The kobold brigand throws a poisoned dart.
The poisoned dart hits you.
You are poisoned.
Unknown command.
Casting: Magic Dart (safe; 1% risk of failure)
Confirm with . or Enter, or press ? or * to list all spells.
You blink.
Found a fizzy purple potion.
You feel sick.
You kill the kobold brigand!
Vehumet accepts your kill.
You feel your power returning.
The kobold brigand hits you with a +0 club.
* * * LOW HITPOINT WARNING * * *
Unknown command.
You feel sick.
You kill the two-headed ogre!
Vehumet accepts your kill.
You feel your power returning.
The kobold demonologist gestures wildly while chanting.
The kobold brigand throws a poisoned dart.
The poisoned dart misses you.
The ice devil attacks as it pursues you!
The ice devil hits you!
You die...

#.. #### #.#
....###'#####
...5.5......#
#...K......#
#.........>#
#.5....K...#
#.....4).).+
........@†§.#
##!#.########
#


You could see an ice devil (summoned), a kobold demonologist, a kobold brigand,
a quasit (summoned) and 2 crimson imps.

Vanquished Creatures
  A two-headed ogre (D:9)
  A komodo dragon (D:6)
  A wyvern (D:8)
  Eustachio (D:5)
  2 steam dragons
  5 water moccasins
  An ice beast (D:7)
  4 sky beasts
  4 orc warriors
  A centaur (D:8)
  3 phantoms
  A kobold brigand (D:9)
  2 bullfrogs (D:8)
  2 scorpions (D:5)
  8 wights
  11 killer bees
  A howler monkey (D:9)
  5 jellies
  4 orc priests
  3 gnoll boudas
  2 hounds
  2 sleepcaps
  2 iguanas
  3 orc wizards
  12 gnolls
  5 adders
  2 shadow imps
  3 white imps
  2 ufetubi (D:5)
  3 worms
  3 dart slugs
  26 orcs
  A bat (D:1)
  5 endoplasms
  3 giant cockroaches
  6 hobgoblins
  6 kobolds
  A quokka (D:2)
  7 ball pythons
  3 frilled lizards
  9 goblins
  A rat (D:1)
168 creatures vanquished.

Vanquished Creatures (collateral kills)
  An ice beast (D:7)
  A gnoll (D:8)
2 creatures vanquished.

Vanquished Creatures (others)
  A kobold demonologist (D:9)
  2 kobolds (D:9)
3 creatures vanquished.

Grand Total: 173 creatures vanquished

Notes
Turn   | Place    | Note
-------+----------+-------------------------------------------
     0 | D:1      | pokeman the Deep Elf Hedge Wizard began the quest for the
                  | Orb.
     0 | D:1      | Reached XP level 1. HP: 10/10 MP: 7/7
   284 | D:1      | Found Daupn's Armour Shop.
   391 | D:1      | Reached XP level 2. HP: 15/15 MP: 6/9
   741 | D:2      | Identified the +2 leather armour of Utsobi {Int+2}
   744 | D:2      | Reached skill level 5 in Spellcasting
   833 | D:2      | Reached XP level 3. HP: 20/20 MP: 11/11
   837 | D:2      | Learned a level 3 spell: Mephitic Cloud
   840 | D:2      | Learned a level 2 spell: Call Imp
   843 | D:2      | Learned a level 2 spell: Blink
  1155 | D:2      | Found a faded altar of an unknown god.
  1274 | D:3      | Found an ancient bone altar of Kikubaaqudgha.
  1298 | D:3      | Identified the ring of Sovereignty {rN+ AC+4}
  1376 | D:3      | Reached skill level 1 in Armour
  1379 | D:3      | Found a sparkling altar of Nemelex Xobeh.
  1488 | D:3      | Reached skill level 1 in Fighting
  1488 | D:3      | Reached XP level 4. HP: 25/25 MP: 0/13
  1990 | D:3      | Found a runed translucent gate.
  1991 | D:3      | Found a runed translucent gate.
  1992 | D:3      | Found a runed translucent gate.
  1994 | D:3      | Noticed tinescath's ghost (amateur DEHW)
  2259 | D:4      | Found a radiant altar of Vehumet.
  2466 | D:4      | Reached skill level 6 in Spellcasting
  2466 | D:4      | Reached XP level 5. HP: 29/29 MP: 8/15
  2629 | D:4      | Noticed a phantom
  2648 | D:4      | Killed a phantom
  2649 | D:4      | Reached skill level 1 in Air Magic
  2649 | D:4      | Reached skill level 1 in Poison Magic
  2654 | D:4      | Learned a level 4 spell: Dispel Undead
  2780 | D:4      | Noticed a phantom
  2788 | D:4      | Killed a phantom
  2789 | D:4      | Reached XP level 6. HP: 34/34 MP: 10/17
  2908 | D:4      | Reached skill level 7 in Spellcasting
  3052 | D:4      | Found a hide-covered altar of Uskayaw.
  3150 | D:5      | Entered Level 5 of the Dungeon
  3155 | D:5      | Noticed Eustachio
  3173 | D:5      | Killed Eustachio
  3174 | D:5      | Reached skill level 1 in Necromancy
  3334 | D:5      | Found a staircase to the Ecumenical Temple.
  3343 | Temple   | Entered the Ecumenical Temple
  3386 | D:5      | Reached XP level 7. HP: 34/40 MP: 17/20
  3578 | D:5      | Found a snail-covered altar of Cheibriados.
  3636 | D:5      | Reached skill level 8 in Spellcasting
  3913 | D:4      | Became a worshipper of Vehumet
  4022 | D:6      | Noticed a steam dragon
  4058 | D:6      | Reached skill level 1 in Evocations
  4075 | D:6      | Killed a steam dragon
  4076 | D:6      | Reached skill level 9 in Spellcasting
  4076 | D:6      | Reached XP level 8. HP: 14/44 MP: 12/23
  4259 | D:6      | Noticed a komodo dragon
  4449 | D:6      | Killed a komodo dragon
  4450 | D:6      | Reached skill level 10 in Spellcasting
  4450 | D:6      | Reached skill level 5 in Conjurations
  4785 | D:6      | Found a shadowy altar of Dithmenos.
  4812 | D:6      | Reached * piety under Vehumet
  4812 | D:6      | Offered knowledge of Freeze by Vehumet.
  4815 | D:6      | Reached skill level 5 in Necromancy
  4880 | D:6      | Reached XP level 9. HP: 49/49 MP: 15/25
  5522 | D:7      | Reached skill level 11 in Spellcasting
  5858 | D:7      | You fall into a shaft and drop 1 floor!
  5886 | D:8      | Found a broken altar of Ashenzari.
  5935 | D:8      | Offered knowledge of Scorch by Vehumet.
  6035 | D:8      | Reached ** piety under Vehumet
  6123 | D:8      | Found an iron altar of Okawaru.
  6133 | D:8      | Reached skill level 12 in Spellcasting
  6723 | D:7      | Reached XP level 10. HP: 56/56 MP: 28/28
  7314 | D:8      | Found a glowing silver altar of Zin.
  7315 | D:8      | Noticed an angel
  7396 | D:9      | Reached skill level 13 in Spellcasting
  7402 | D:9      | Noticed a two-headed ogre
  7421 | D:9      | Killed a two-headed ogre
  7421 | D:9      | Slain by an ice devil

Illustrated notes

Levels and vault maps discovered:
D:1:      scummos_arrival_checkerplants, layout_basic, serial_shops,
          nicolae_shop_waterfront
D:2:      layout_loops_ring, shapermc_ecumenical_altar_hornbeckon
D:3:      layout_loops_ring, nemelex_dance_club_becter,
          mainiacjoe_overflow_small_starburst, biasface_ghost_orc_armoury
D:4:      layout_loops_cross, nicolae_uskayaw_suspiria,
          nicolae_overflow_hidden_temple
D:5:      layout_gridville, kennysheep_little_box, minmay_temple_entry_glass,
          serial_bayou_crossing, uniq_eustachio
D:6:      layout_loops_ring, mainiacjoe_overflow_concentric_impassable,
          minmay_manual_mandibuliform
D:7:      layout_cave_pools
D:8:      layout_cave_pools, zin_angel, ashenzari_altar_1,
          mainiacjoe_overflow_24_doors, serial_column_ruins,
          column_ruins_square_large, column_ruins_open_small,
          column_ruins_open_small, column_ruins_grid_4,
          column_ruins_columns_straight, hangedman_minor_gate_pass
D:9:      layout_roguey [special_room_orc], nicolae_overflow_crystal_walls,
          lemuel_flamethrower_2
Temple:   nicolae_temple_bog_church

Skill      XL: |  1  2  3  4  5  6  7  8  9 10 |
---------------+-------------------------------+-----
Spellcasting   | 5 6 7 9 10 12 13 | 13.0
Armour         | 1 2 3 |  3.2
Fighting       | 1 2 3 4 |  4.0
Conjurations   | 2 3 4 5 6 7 |  7.2
Dodging        | 3 |  3.0
Stealth        | 3 |  3.0
Air Magic      | 1 |  1.1
Poison Magic   | 1 |  1.1
Necromancy     | 2 3 5 6 7 |  7.1
Evocations     | 1 |  1.2
Summonings     | |  1.1
Translocations | |  1.1

Action                     |  1- 3 |  4- 6 |  7- 9 | 10-12 || total
---------------------------+-------+-------+-------+-------++-------
  Melee: Rapier            |       |       |   100 |    43 ||   143
         Punch             |       |       |     1 |       ||     1
   Fire: Sling             |    39 |    65 |    42 |       ||   146
   Cast: Magic Dart        |    38 |    48 |   155 |    39 ||   280
         Mephitic Cloud    |       |     4 |    32 |     8 ||    44
         Call Imp          |       |     2 |     7 |       ||     9
         Blink             |       |     2 |     2 |     1 ||     5
         Dispel Undead     |       |       |     7 |       ||     7
   Stab: Confused          |       |       |    15 |     4 ||    19
         Distracted        |       |       |     1 |       ||     1
 Armour: Robe              |     6 |       |       |       ||     6
         Leather armour    |     9 |    73 |   108 |    39 ||   229
  Dodge: Dodged            |    29 |    61 |   104 |    28 ||   222

Table legend: (Time is in decaauts)
 A = Elapsed time spent in this place.
 B = Non-inter-level travel time spent in this place.
 C = Inter-level travel time spent in this place.
 D = Time resting spent in this place.
 E = Time spent auto-exploring this place.
 F = Levels seen in this place.
 G = Mean time per level.
                   A        B        C        D        E       F      G
               +--------+--------+--------+--------+--------+-----+--------+
         Total |   7627 |   7321 |    306 |    238 |   5588 |  10 |  762.7 |
       Dungeon |   7626 |   7320 |    306 |    238 |   5588 |   9 |  847.3 |
        Temple |      1 |      1 |      0 |      0 |      0 |   1 |    1.0 |
               +--------+--------+--------+--------+--------+-----+--------+

Top non-repeatable levels by time:
     D:6: 1390 daAuts
     D:8: 1144 daAuts
     D:4: 1112 daAuts
     D:3: 1026 daAuts
     D:5: 917 daAuts
     D:7: 776 daAuts
     D:2: 730 daAuts
     D:1: 494 daAuts
     D:9: 34 daAuts
  Temple: 1 daAuts
